 Dungeon Crawl Stone Soup version 0.30-a0-168-g0b976cbdc4 (webtiles) character file.

Game seed: 12427019773818925209

30 qw the Shield-Bearer (level 3, -1/23 HPs)
             Began as a Gargoyle Fighter on Sept 29, 2022.
             Slain by Sigmund
             ... wielding a +0 scythe
              (8 damage)
             ... on level 2 of the Dungeon.
             The game lasted 00:00:28 (1149 turns).

qw the Shield-Bearer (Gargoyle Fighter)             Turns: 1149, Time: 00:00:29

Health: -1/23      AC: 10    Str: 21    XL:     3   Next: 20%
Magic:  3/3        EV:  9    Int:  8    God:
Gold:   46         SH:  4    Dex:  9    Spells: 2/2 levels left

rFire   . . .      SeeInvis .    Y - +0 war axe
rCold   . . .      Faith    .    c - +0 buckler
rNeg    + . .      Spirit   .    b - +0 scale mail
rPois   inf        Reflect  .    (no helmet)
rElec   +          Harm     .    (no cloak)
rCorr   .          Rampage  .    (no gloves)
Will    .....                    (no boots)
Stlth   ..........               g - amulet of regeneration
HPRegen 0.87/turn                (no ring)
MPRegen 0.08/turn                (no ring)

@: no status effects
A: sickness immunity, AC +3, negative energy resistance 1, electricity
resistance, torment resistance 1, petrification resistance
a: no special abilities


You were on level 2 of the Dungeon.
You visited 1 branch of the dungeon, and saw 2 of its levels.

You collected 46 gold pieces.


Innate Abilities, Weirdness & Mutations

You are immune to sickness and miasma.
Your stone body is resilient. (AC +3)
You are immune to poison.
You resist negative energy. (rN+)
You are resistant to electric shocks. (rElec)
You are resistant to unholy torment.
You are immune to petrification.


   Skills:
 - Level 3.2 Fighting
 + Level 3.2 Axes
 - Level 3.2 Armour
 - Level 3.2 Shields


You had 2 spell levels left.
You didn't know any spells.
Your spell library was empty.

Inventory:

Hand Weapons
 m - a +0 whip
 Y - a +0 war axe (weapon)
Armour
 b - a +0 scale mail (worn)
 c - a +0 buckler (worn)
Jewellery
 g - an amulet of regeneration (around neck)
Potions
 d - a potion of might
 j - a potion of mutation {unknown}
 k - a potion of curing {unknown}

Dungeon Overview and Level Annotations

Branches:
Dungeon (2/15)

Altars:

Shops:
D:1 !

Annotations:
D:2 Sigmund


Message History

You open the door.
There is an open door here.
Found a shiny bronze wand.
Enter note: You now have enough gold to buy a potion of curing on D:1.
You can access your shopping list by pressing '$'.
You now have 46 gold pieces (gained 14).
You open the door.
There is an open door here.
Sigmund the Dreaded comes into view.
He is wielding a +0 scythe.
Sigmund shouts!
Enter note:
1135 ||| Stepping ~*~*~tactically~*~*~ (hiding).
You start waiting.
Sigmund is nearby!
1137 ||| Stepping ~*~*~tactically~*~*~ (hiding).
You start waiting.
Sigmund is nearby!
1139 ||| Stepping ~*~*~tactically~*~*~ (hiding).
Sigmund hits you from afar with a +0 scythe!
You hit Sigmund.
Sigmund is lightly wounded.
Sigmund points at you and mumbles some strange words.
The magic dart hits you.
Sigmund gestures wildly while chanting.
Sigmund flickers and vanishes!
Deactivating autopickup; reactivate with Ctrl-A.
You miss something. Something hits you but does no damage.
You closely miss something. Something hits you.
You miss something. Something hits you.
You slash something! Something hits you but does no damage.
You closely miss something. Something hits you!
You hit something. Something hits you!
You die...

#.#...#####.....#
#.# # #......#
#.....# #.#
#......# #.....#
#.# #......#
#.....+ #.#
#......# # ....#
#.# #......# ####
#.# #.##+### ...
..# #.##.#####.#
#........@{#
##########...#
....# ....# ....#
....# ....# ....#


There were no monsters in sight!

Vanquished Creatures
  A ball python (D:1)
  2 endoplasms (D:2)
  A giant cockroach (D:1)
  4 hobgoblins (D:1)
  5 kobolds (D:1)
  2 quokkas (D:1)
  4 bats
  2 frilled lizards (D:1)
  4 goblins (D:1)
  2 rats (D:1)
27 creatures vanquished.

Notes
Turn   | Place    | Note
-------+----------+-------------------------------------------
     0 | D:1      | qw the Gargoyle Fighter began the quest for the Orb.
     0 | D:1      | Reached XP level 1. HP: 14/14 MP: 1/1
     0 | D:1      | 0 ||| qw: Version: 0.2-a-12-gaebbb33
     0 | D:1      | 0 ||| qw: Game counter: 1174
     0 | D:1      | 0 ||| qw: Always use a shield: true
     0 | D:1      | 0 ||| qw: God list: Okawaru
     0 | D:1      | 0 ||| qw: Allow faded altars: false
     0 | D:1      | 0 ||| qw: Do Orc after D:15 true
     0 | D:1      | 0 ||| qw: Do second Lair branch before Depths: true
     0 | D:1      | 0 ||| qw: Lair rune preference: random
     0 | D:1      | 0 ||| qw: Plans: Normal, Zot:1-4, God:TSO, Crypt, Tomb,
                  | Pan, Slime:5, Hells, Abyss, Orb
     0 | D:1      | 0 ||| PLANNING D:1-11
   247 | D:1      | Found Fecagh's Distillery.
   256 | D:1      | 256 ||| SHOPLISTING 2 potions of heal wounds (120 gold,
                  | have 4).
   256 | D:1      | 256 ||| SHOPLISTING 2 potions of resistance (240 gold, have
                  | 4).
   256 | D:1      | 256 ||| SHOPLISTING potion of cancellation (96 gold, have
                  | 4).
   256 | D:1      | 256 ||| SHOPLISTING potion of curing (36 gold, have 4).
   256 | D:1      | 256 ||| SHOPLISTING potion of might (48 gold, have 4).
   287 | D:1      | 287 ||| Stepping ~*~*~tactically~*~*~ (stealth).
   407 | D:1      | Reached XP level 2. HP: 19/19 MP: 2/2
   480 | D:1      | 480 ||| Stepping ~*~*~tactically~*~*~ (stealth).
   545 | D:1      | 545 ||| Stepping ~*~*~tactically~*~*~ (stealth).
   750 | D:1      | Reached skill level 3 in Axes
   764 | D:1      | 764 ||| DROPPING +0 club.
   792 | D:1      | Reached XP level 3. HP: 22/23 MP: 3/3
   860 | D:1      | Found a faded altar of an unknown god.
  1024 | D:1      | 1024 ||| UPGRADING to amulet of regeneration.
  1029 | D:1      | 1029 ||| READING scroll labelled SESTRA IMUUHEI.
  1030 | D:1      | 1030 ||| READING 2 scrolls labelled ZAWOHA NUENK.
  1031 | D:1      | 1031 ||| READING 2 scrolls labelled IFUV COUWNEXT.
  1032 | D:1      | 1032 ||| READING scroll labelled JET YXIOXTEQ.
  1037 | D:1      | 1037 ||| DROPPING scroll of amnesia.
  1038 | D:1      | 1038 ||| DROPPING scroll of blinking.
  1134 | D:2      | Noticed Sigmund
  1135 | D:2      | 1135 ||| Stepping ~*~*~tactically~*~*~ (hiding).
  1137 | D:2      | 1137 ||| Stepping ~*~*~tactically~*~*~ (hiding).
  1139 | D:2      | 1139 ||| Stepping ~*~*~tactically~*~*~ (hiding).
  1149 | D:2      | Slain by Sigmund

Levels and vault maps discovered:
D:1:      amcnicky_arrival_choice, layout_basic, ebering_ecumenical_altar_hall,
          serial_shops, nicolae_shop_advertising_works
          [nicolae_subvault_shop_adworks], ebering_dispersal_statue_hall
D:2:      layout_basic, uniq_sigmund

Skill      XL: |  1  2 |
---------------+-------+-----
Axes           | 2 3 |  3.2
Fighting       | |  3.2
Armour         | |  3.2
Shields        | |  3.2

Action                   || total
-------------------------++-------
Melee: War axe           ||    76
  Use: Scroll            ||     4
Armor: Scale mail        ||    30
Dodge: Dodged            ||    32
Block: Buckler           ||    12

Table legend:
 A = Non-vault XP
 B = Vault XP
 C = Vault XP percentage of total XP
 D = Non-vault monster count
 E = Vault monster count
 F = Vault count percentage of total count
                 A         B        C        D         E       F
            +---------+---------+-------+---------+---------+-------
      Total |      44 |       0 |   0.0 |      27 |       0 |   0.0
            +---------+---------+-------+---------+---------+-------
        D:1 |      38 |       0 |   0.0 |      24 |       0 |   0.0
        D:2 |       6 |       0 |   0.0 |       3 |       0 |   0.0
            +---------+---------+-------+---------+---------+-------
